 Dungeon Crawl Stone Soup version 0.29.1-1-gd02db6906a (webtiles) character file.

Game seed: 11151952728129052175

2 lonewolfV2 the Scratcher (level 1, 0/9 HPs)
             Began as a Felid Transmuter on Oct 14, 2022.
             Constricted to death by a ball python (1 damage)
             ... on level 1 of the Dungeon.
             The game lasted 00:00:16 (58 turns).

lonewolfV2 the Scratcher (Felid Transmuter)           Turns: 58, Time: 00:00:16

Health: 0/9        AC:  1    Str:  6    XL:     1   Next: 25%
Magic:  4/4        EV: 14    Int: 14    God:
Gold:   0          SH:  0    Dex: 16    Spells: 3/4 levels left
                                        Lives:  0   Deaths: 0

rFire   . . .      SeeInvis +     - Unarmed
rCold   . . .      Faith    .   (shield unavailable)
rNeg    . . .      Spirit   .   (body armour unavailable)
rPois   .          Reflect  .   (helmet unavailable)
rElec   .          Harm     .   (cloak unavailable)
rCorr   .          Rampage  .   (gloves unavailable)
Will    .....                   (boots unavailable)
Stlth   +.........              (no amulet)
HPRegen 0.03/turn               (no ring)
MPRegen 0.09/turn               (no ring)

@: constricted, quick
A: very small, claws 1, fangs 3, see invisible, speed 1, shaggy fur 1, stealthy
paws, no weapons or thrown items, no armour, multi-lived
a: no special abilities


You were on level 1 of the Dungeon.
You visited 1 branch of the dungeon, and saw 1 of its levels.

Inventory:

Jewellery
 b - a ring of willpower
Potions
 a - a potion of lignification


   Skills:
 + Level 1.0 Fighting
 + Level 2.7 Dodging
 + Level 3.1 Unarmed Combat
 + Level 2.0 Spellcasting
 + Level 2.2 Transmutations


You had 3 spell levels left.
You knew the following spells:

 Your Spells              Type           Power      Damage    Failure   Level
a - Beastly Appendage     Tmut           14%        N/A       10%         1

Your spell library contained the following spells:

 Spells                   Type           Power      Damage    Failure   Level
 Wereblood                Tmut           7%         N/A       14%         2
 Passwall                 Tmut/Erth      3%         N/A       22%         2
 Sandblast                Erth           2%         2d4       24%         1
 Spider Form              Tmut/Pois      4%         N/A       41%         3
 Stone Arrow              Conj/Erth      2%         3d7       56%         3
 Ice Form                 Ice/Tmut       4%         N/A       83%         4


Dungeon Overview and Level Annotations

Branches:
Dungeon (1/15)

Altars:


Innate Abilities, Weirdness & Mutations

You have sharp claws.
You have razor-sharp teeth.
You have supernaturally acute eyesight. (SInv)
You cover ground quickly. (Speed+)
You are covered in fur. (AC +1)
Your paws help you pounce on unaware monsters.
You are incapable of wielding weapons or throwing items.
You cannot wear armour.
You gain extra lives every three experience levels.


Message History

You add the spells Sandblast, Passwall and Stone Arrow to your library.
A kobold comes into view. It is wielding a +0 short sword.
A kobold is nearby!
A kobold comes into view. It is wielding a +0 short sword.
The kobold shouts!
A ball python comes into view.
Found a smoky grey potion.
The kobold throws a stone.
The stone misses you.
The ball python hisses angrily.
You scratch the kobold.
You kill the kobold!
An endoplasm comes into view.
Found 2 potions of lignification.
Things that are here:
a +0 short sword; a kobold corpse
Found a ring mail.
The kobold closely misses you.
Found a large cabochon ring.
The endoplasm quivers.
The kobold misses you.
You scratch the endoplasm.
The endoplasm is heavily wounded.
The ball python bites you. The ball python grabs you.
The ball python constricts you.
The kobold hits you with a +0 short sword.
The endoplasm barely misses you.
You scratch the endoplasm.
You kill the endoplasm!
The ball python bites you. The ball python constricts you.
The kobold misses you.
You escape the ball python's grasp.
The kobold closely misses you.
You barely miss the ball python. You bite the ball python.
The ball python is moderately wounded.
The ball python bites you. The ball python grabs you.
The ball python constricts you.
* * * LOW HITPOINT WARNING * * *
You closely miss the ball python.
The ball python is moderately wounded.
The kobold closely misses you. The ball python bites you.
* * * LOW HITPOINT WARNING * * *
The ball python constricts you.
You die...

# #.....# #+# #.#.#.#
#.# .##.#.#.# #####.#
......#.## #.....##
#....... ##......##
#####.## ##[.......##
#.# ##...#..#...# #.#
.......@S...#########.#
...#....K.#)..........#
#............##########
#............#
#..#......#..#
##..........##
...!#..#...#
.=........## ....!#.


You could see a ball python and a kobold.

Vanquished Creatures
  An endoplasm (D:1)
  A kobold (D:1)
2 creatures vanquished.

Notes
Turn   | Place    | Note
-------+----------+-------------------------------------------
     0 | D:1      | lonewolfV2 the Felid Transmuter began the quest for the
                  | Orb.
     0 | D:1      | Reached XP level 1. HP: 9/9 MP: 4/4
    58 | D:1      | Constricted to death by a ball python

Illustrated notes

Levels and vault maps discovered:
D:1:      heliophobic_arrival_battle_scene, layout_loops_corners,
          minmay_misc_feat_plants

Action                   || total
-------------------------++-------
Melee: Unarmed           ||     5
       Bite              ||     1
Dodge: Dodged            ||     7
